[Event "WYCC 2018 G14"]
[Site "Halkidiki"]
[Date "2018.10.24"]
[Round "6"]
[White "Jaufarally, Nadia"]
[Black "Lehaci, Miruna-Daria"]
[Result "0-1"]
[ECO "B92"]
[WhiteElo "1810"]
[BlackElo "1933"]
[Annotator "NA"]
[PlyCount "116"]
[EventDate "2018.10.20"]
[EventType "swiss"]
[EventCountry "GRE"]
[SourceTitle "playchess.com"]
[Source "ChessBase"]
[SourceQuality "1"]
[TimeControl "40/5400+30:1800+30"]

1. e4 c5 2. Nf3 d6 3. d4 cxd4 4. Nxd4 Nf6 5. Nc3 a6 6. Be2 e5 7. Nb3 Be6 8. Bg5 Nbd7 9. O-O Be7 10. Qd2 b5 11. a3 O-O 12. Kh1 Rc8 13. f4 exf4 14. Bxf4 Ne5 15. Rad1 Qb6 16. Nd4 Qc5 17. Nf5 Bxf5 18. exf5 Rfd8 19. Qd4 Nc6 20. Qe3 Bf8 21. Bf3 Re8 22. Qxc5 dxc5 23. Bxc6 Rxc6 24. Nd5 Nxd5 25. Rxd5 c4 26. Rfd1 c3 27. b4 g6 28. fxg6 hxg6 29. Rd8 Rce6 30. Kg1 a5 31. Rxe8 Rxe8 32. Rb1 Re4 33. Bc7 axb4 34. axb4 Bxb4 35. Bb6 f5 36. Kf2 Kf7 37. Kf3 Ke6 38. h3 Kd5 39. g4 Kc6 40. Bf2 Bd6 41. gxf5 Rf4+ 42. Ke2 Rxf5 43. Bd4 b4 44. Rb3 Rg5 45. Bxc3 bxc3 46. Rxc3+ Kd5 47. Rd3+ Ke6 48. Kf2 Rc5 49. c3 Be5 50. Rd1 Rxc3 51. Rh1 Kf5 52. Ke2 Kg5 53. Kd2 Ra3 54. Kc2 Rc3+ 55. Kd2 Rg3 56. Kc2 Kh4 57. Re1 Bf4 58. Re4 g5 0-1

[Event "WYCC 2018 G14"]
[Site "Halkidiki"]
[Date "2018.10.24"]
[Round "6"]
[White "Zeliantsova, Kseniya"]
[Black "He, Emma"]
[Result "1-0"]
[ECO "C80"]
[WhiteElo "1804"]
[BlackElo "1674"]
[Annotator "NA"]
[PlyCount "119"]
[EventDate "2018.10.20"]
[EventType "swiss"]
[EventCountry "GRE"]
[SourceTitle "playchess.com"]
[Source "ChessBase"]
[SourceQuality "1"]
[TimeControl "40/5400+30:1800+30"]

1. e4 e5 2. Nf3 Nc6 3. Bb5 a6 4. Ba4 Nf6 5. O-O Nxe4 6. Re1 Nc5 7. Bxc6 dxc6 8. Nxe5 Be7 9. d4 Nd7 10. Bg5 Nf6 11. Bxf6 gxf6 12. Ng4 Be6 13. c3 Qd7 14. Ne3 O-O-O 15. Nd2 f5 16. Nec4 Rhg8 17. Ne5 Qe8 18. Qe2 Bd5 19. g3 Bf6 20. Qd3 Be6 21. b4 h5 22. Qf3 Bg5 23. Nf1 h4 24. Nd3 Qf8 25. Nc5 Qh6 26. a4 f4 27. Nxe6 fxe6 28. g4 h3 29. Re4 Qh4 30. Qe2 Rde8 31. f3 Kd7 32. Nd2 Qh6 33. Nc4 Bf6 34. Re1 Bh8 35. Nb2 Rgf8 36. Nd3 b6 37. Qd2 Bf6 38. a5 Rf7 39. Qxf4 Qg7 40. Qe3 Bg5 41. Qe2 Bf6 42. Rxe6 Rfe7 43. Rxe7+ Rxe7 44. Ne5+ Bxe5 45. dxe5 b5 46. Qe4 Re6 47. Qf5 Qe7 48. f4 Kc8 49. Qe4 Qh4 50. f5 Re8 51. f6 Rg8 52. Qf5+ Kb7 53. Re4 Rg5 54. Qf4 Rg8 55. e6 Rd8 56. Qf3 Rd2 57. f7 Rg2+ 58. Qxg2 hxg2 59. f8=Q Qh7 60. Qf5 1-0

[Event "WYCC 2018 G14"]
[Site "Halkidiki"]
[Date "2018.10.24"]
[Round "6"]
[White "Somton, Anita"]
[Black "Alimova, Sevinch"]
[Result "1/2-1/2"]
[ECO "B23"]
[WhiteElo "1787"]
[BlackElo "1596"]
[Annotator "NA"]
[PlyCount "49"]
[EventDate "2018.10.20"]
[EventType "swiss"]
[EventCountry "GRE"]
[SourceTitle "playchess.com"]
[Source "ChessBase"]
[SourceQuality "1"]
[TimeControl "40/5400+30:1800+30"]

1. e4 c5 2. Nc3 e6 3. f4 d5 4. Nf3 dxe4 5. Nxe4 Nc6 6. Bb5 Bd7 7. Qe2 Nf6 8. f5 Be7 9. fxe6 Bxe6 10. Bxc6+ bxc6 11. O-O O-O 12. d3 h6 13. Kh1 Nxe4 14. Qxe4 Qd5 15. Ne5 Bd6 16. Qxd5 cxd5 17. Nf3 Rab8 18. b3 Rfe8 19. Bd2 Bg4 20. Rae1 Bxf3 21. gxf3 f5 22. Kg2 Kf7 23. f4 a6 24. h4 h5 25. Kf3 1/2-1/2

[Event "WYCC 2018 G14"]
[Site "Halkidiki"]
[Date "2018.10.24"]
[Round "6"]
[White "Bellahcene, Sofia"]
[Black "Figueroa Bernal, Julia Dennis"]
[Result "0-1"]
[ECO "B13"]
[WhiteElo "1764"]
[BlackElo "1650"]
[Annotator "NA"]
[PlyCount "110"]
[EventDate "2018.10.20"]
[EventType "swiss"]
[EventCountry "GRE"]
[SourceTitle "playchess.com"]
[Source "ChessBase"]
[SourceQuality "1"]
[TimeControl "40/5400+30:1800+30"]

1. e4 c6 2. d4 d5 3. exd5 cxd5 4. Bd3 Nf6 5. c3 g6 6. Nf3 Bg7 7. Bf4 O-O 8. Nbd2 Nc6 9. O-O Nh5 10. Bg5 h6 11. Bh4 Nf4 12. Bc2 g5 13. Bg3 Nh5 14. Ne5 Nxg3 15. Nxc6 bxc6 16. hxg3 c5 17. Nf3 cxd4 18. Nxd4 e5 19. Nf5 Bxf5 20. Bxf5 Qf6 21. g4 Rfd8 22. Qc2 Rab8 23. Rad1 e4 24. Kh1 h5 25. g3 hxg4 26. Bxg4 Qe5 27. f4 gxf4 28. gxf4 Qe7 29. Bh3 Qh4 30. Kh2 Rd6 31. Qf2 Qh5 32. Rd2 Rh6 33. Qg3 Rg6 34. Qe3 Kh7 35. Rg1 Rxg1 36. Qxg1 Bh6 37. Qe3 Qh4 38. Rf2 Rxb2 39. Kg1 Rxf2 40. Bf5+ Kg7 41. Qd4+ Qf6 42. Kxf2 Qxd4+ 43. cxd4 Bxf4 44. Bc8 Kf6 45. Ke2 Bd6 46. Bb7 Kf5 47. Bxd5 f6 48. Bc6 Ba3 49. d5 Ke5 50. Kd2 f5 51. Ke2 f4 52. Kf2 f3 53. Bb7 Kf4 54. Bc6 e3+ 55. Ke1 Bb4+ 0-1

[Event "WYCC 2018 G14"]
[Site "Halkidiki"]
[Date "2018.10.24"]
[Round "6"]
[White "Gabbani, Sara"]
[Black "Kumar, Arya"]
[Result "0-1"]
[ECO "B18"]
[WhiteElo "1764"]
[BlackElo "1619"]
[Annotator "NA"]
[PlyCount "68"]
[EventDate "2018.10.20"]
[EventType "swiss"]
[EventCountry "GRE"]
[SourceTitle "playchess.com"]
[Source "ChessBase"]
[SourceQuality "1"]
[TimeControl "40/5400+30:1800+30"]

1. e4 c6 2. d4 d5 3. Nc3 dxe4 4. Nxe4 Bf5 5. Ng3 Bg6 6. N1e2 Nd7 7. Nf4 e5 8. Nxg6 hxg6 9. Be3 Ngf6 10. f3 Bd6 11. Bf2 Qa5+ 12. c3 O-O-O 13. Qb3 exd4 14. O-O-O Bf4+ 15. Kc2 Nc5 16. Qc4 b5 17. Qb4 Qxb4 18. cxb4 Ne6 19. Be2 Nd5 20. Kb3 a5 21. a3 a4+ 22. Ka2 f5 23. Nf1 Be3 24. Bxe3 Nxe3 25. Nxe3 dxe3 26. Rxd8+ Rxd8 27. Rc1 Nd4 28. Bf1 Kc7 29. Kb1 e2 30. Bxe2 Nxe2 31. Re1 Rd2 32. g3 Kd6 33. f4 Kd5 34. Rc1 Nxc1 0-1

[Event "WYCC 2018 G14"]
[Site "Halkidiki"]
[Date "2018.10.24"]
[Round "6"]
[White "Kurmangaliyeva, Liya"]
[Black "Mironenko, Galina"]
[Result "0-1"]
[ECO "B36"]
[WhiteElo "1733"]
[BlackElo "2053"]
[Annotator "NA"]
[PlyCount "116"]
[EventDate "2018.10.20"]
[EventType "swiss"]
[EventCountry "GRE"]
[SourceTitle "playchess.com"]
[Source "ChessBase"]
[SourceQuality "1"]
[TimeControl "40/5400+30:1800+30"]

1. e4 c5 2. Nf3 g6 3. d4 cxd4 4. Nxd4 Nc6 5. c4 d6 6. Nc3 Bg7 7. Be3 Nf6 8. Be2 O-O 9. O-O a5 10. Qd2 a4 11. Rab1 Qa5 12. f3 Bd7 13. Rfc1 Rfc8 14. b3 axb3 15. Nxb3 $11 Qd8 16. c5 Be6 17. Nd5 dxc5 18. Nxc5 Bxd5 19. Nxb7 Qd7 20. Nc5 Qd6 21. exd5 Qxd5 22. Rd1 Rxa2 23. Rb2 Qxd2 24. Rbxd2 Ra3 25. Kf2 e6 26. Ne4 Nd5 27. Bc5 Raa8 28. g3 Ra5 29. Bc4 Nce7 30. Bxd5 Nxd5 31. Bd6 Ra6 32. Bc5 f5 33. Kg2 fxe4 34. fxe4 Bh6 35. Rd3 Ra2+ 36. Kh3 Rxc5 37. exd5 exd5 38. Rxd5 Rxd5 39. Rxd5 Ra7 40. Kg4 Bf8 41. Rd8 Kg7 42. h4 Ra4+ 43. Kf3 h5 44. Kg2 Be7 45. Rd7 Kf6 46. Rd2 Kf5 47. Kf3 Bf6 48. Rd5+ Be5 49. Rd3 Ra2 50. Rb3 Rc2 51. Rb7 Rc3+ 52. Kf2 Rxg3 53. Rf7+ Kg4 54. Re7 Bf4 55. Re4 Rh3 56. Ra4 Rh2+ 57. Kg1 Rxh4 58. Rb4 Kf3 0-1

[Event "WYCC 2018 G14"]
[Site "Halkidiki"]
[Date "2018.10.24"]
[Round "6"]
[White "Zaritovskaja, Margarita"]
[Black "Ehsani, Yassamin"]
[Result "0-1"]
[ECO "B42"]
[WhiteElo "1731"]
[BlackElo "1875"]
[Annotator "NA"]
[PlyCount "100"]
[EventDate "2018.10.20"]
[EventType "swiss"]
[EventCountry "GRE"]
[SourceTitle "playchess.com"]
[Source "ChessBase"]
[SourceQuality "1"]
[TimeControl "40/5400+30:1800+30"]

1. e4 c5 2. Nf3 e6 3. d4 cxd4 4. Nxd4 a6 5. Bd3 Nc6 6. Nxc6 dxc6 7. O-O e5 8. Nc3 Bd6 9. Kh1 Ne7 10. Ne2 O-O 11. f4 exf4 12. Nxf4 Ng6 13. Nxg6 hxg6 14. Qf3 Be6 15. Bf4 Qc7 16. Bxd6 Qxd6 17. Rad1 Qe5 18. b3 Rad8 19. Qf4 Qxf4 20. Rxf4 f6 21. h3 c5 22. Re1 Rd4 23. Rff1 b5 24. Rd1 Rfd8 25. Be2 Kf7 26. Kg1 Ke7 27. Bf3 Rd2 28. Rxd2 Rxd2 29. Rf2 Rd4 30. Kf1 Kd6 31. Ke1 Ke5 32. Rd2 Bc8 33. c3 Rxd2 34. Kxd2 Kf4 35. a3 Bxh3 36. e5 Bc8 37. exf6 gxf6 38. Kd3 Bf5+ 39. Kd2 Be4 40. Be2 Bxg2 41. c4 Bc6 42. Bd3 g5 43. Ke2 g4 44. Kf2 g3+ 45. Kg1 f5 46. Bf1 Ke3 47. a4 bxa4 48. bxa4 f4 49. a5 f3 50. Bg2 f2+ 0-1

[Event "WYCC 2018 G14"]
[Site "Halkidiki"]
[Date "2018.10.24"]
[Round "6"]
[White "Yellamraju, Ambica"]
[Black "Toncheva, Nadya"]
[Result "0-1"]
[ECO "D25"]
[WhiteElo "1647"]
[BlackElo "2002"]
[Annotator "NA"]
[PlyCount "122"]
[EventDate "2018.10.20"]
[EventType "swiss"]
[EventCountry "GRE"]
[SourceTitle "playchess.com"]
[Source "ChessBase"]
[SourceQuality "1"]
[TimeControl "40/5400+30:1800+30"]

1. d4 d5 2. c4 dxc4 3. Nf3 Nf6 4. e3 Bg4 5. Bxc4 e6 6. h3 Bh5 7. O-O a6 8. b3 {D22: Queen's Gambit Accepted: 3 Nf3 a6 4 e3} Nc6 9. Bb2 Bd6 10. Be2 O-O 11. Nbd2 Qe7 12. Rc1 Ba3 13. Bxa3 Qxa3 14. Nc4 {[#]} Qe7 $146 15. Nfe5 Bxe2 16. Nxc6 Qe8 17. Qxe2 Qxc6 18. Na5 Qb6 19. Nc4 Qb4 20. a3 Qe7 21. b4 Rad8 22. Na5 c6 23. Qc2 Nd5 24. Rfd1 f5 25. Qc5 Qc7 26. Nb3 g5 27. Nd2 Qg7 28. Qc4 $11 Kh8 29. Qe2 e5 30. dxe5 Qxe5 31. Nc4 Qf6 32. Rd3 Rfe8 33. Qb2 Kg7 34. Qxf6+ Kxf6 35. Rcd1 Rb8 36. Kf1 Re7 37. Rd4 h5 38. h4 g4 39. g3 b6 40. R1d3 Re6 41. Ke2 Ke7 42. Kd2 Nf6 43. Ke2 c5 44. Rf4 Re4 45. Rxe4+ Nxe4 46. Nb2 Rc8 47. bxc5 Rxc5 48. Nd1 b5 49. Rb3 Rc2+ 50. Ke1 Rc5 51. Ke2 a5 52. Kd3 Kd6 53. Rb2 Rc1 54. Ke2 Kc5 55. Ra2 Kc4 56. Rb2 b4 57. axb4 axb4 58. Ra2 Rxd1 59. Rc2+ Nc3+ 60. Rxc3+ bxc3 61. Kxd1 Kd3 0-1

[Event "WYCC 2018 G14"]
[Site "Halkidiki"]
[Date "2018.10.24"]
[Round "6"]
[White "Sosovickova, Jana"]
[Black "Brunner, Sophia"]
[Result "0-1"]
[ECO "C15"]
[WhiteElo "1627"]
[BlackElo "1812"]
[Annotator "NA"]
[PlyCount "94"]
[EventDate "2018.10.20"]
[EventType "swiss"]
[EventCountry "GRE"]
[SourceTitle "playchess.com"]
[Source "ChessBase"]
[SourceQuality "1"]
[TimeControl "40/5400+30:1800+30"]

1. e4 e6 2. d4 d5 3. Nc3 Bb4 4. exd5 exd5 5. Bd3 Ne7 6. Nge2 Nbc6 7. Be3 Bf5 8. a3 Bxc3+ 9. Nxc3 Qd7 10. Qd2 O-O-O 11. O-O-O Bxd3 12. Qxd3 Na5 13. Nb1 Nc4 14. Nd2 Qb5 15. Nxc4 dxc4 16. Qe2 Nd5 17. Bd2 g6 18. Rhe1 Rd6 19. Qf3 f6 20. Bc3 a5 21. Rd2 Qa6 22. Rde2 Kd8 23. Re4 b5 24. Rd1 b4 25. Be1 c3 26. a4 cxb2+ 27. Kxb2 Qc6 28. Re2 Qxa4 29. Ra1 Qb5 30. Kc1 Nb6 31. Rd2 Kd7 32. Qh3+ f5 33. Rd1 Nd5 34. Bd2 Rc6 35. Qb3 Re8 36. Re1 Rxe1+ 37. Bxe1 Re6 38. Kb2 Nb6 39. Rd1 c6 40. Kb1 Qf1 41. Ka2 Rxe1 42. Qf7+ Kc8 43. Qg8+ Kc7 44. Qxh7+ Nd7 45. Rxe1 Qxe1 46. Qh4 Qe4 47. Qg3+ f4 0-1

[Event "WYCC 2018 G14"]
[Site "Halkidiki"]
[Date "2018.10.24"]
[Round "6"]
[White "Arauco Celestino, Arianna Sofia"]
[Black "Moracchini, Margaux"]
[Result "1-0"]
[ECO "A15"]
[WhiteElo "1610"]
[BlackElo "1838"]
[Annotator "NA"]
[PlyCount "61"]
[EventDate "2018.10.20"]
[EventType "swiss"]
[EventCountry "GRE"]
[SourceTitle "playchess.com"]
[Source "ChessBase"]
[SourceQuality "1"]
[TimeControl "40/5400+30:1800+30"]

1. c4 Nf6 2. Nf3 g6 3. g3 Bg7 4. Bg2 O-O 5. Nc3 d6 6. O-O e5 7. d4 Nbd7 8. dxe5 dxe5 9. Qc2 c6 10. Bg5 Qe7 11. Rfd1 h6 12. Bd2 a5 13. a3 Nb6 14. Qb3 Nbd7 15. Na4 Ne4 16. Qe3 f5 17. Nh4 Nxd2 18. Rxd2 Qf7 19. Rd6 g5 20. Ng6 Re8 21. Nc5 Nxc5 22. Qxc5 e4 23. f4 Be6 24. Ne5 Bxe5 25. fxe5 Bxc4 26. Bxe4 Bxe2 27. Rf6 Qc4 28. Qd6 fxe4 29. Rg6+ Kh7 30. Rxh6+ Kg7 31. Qf6+ 1-0

[Event "WYCC 2018 G14"]
[Site "Halkidiki"]
[Date "2018.10.24"]
[Round "6"]
[White "Guo, Hazel"]
[Black "Anghel, Maria"]
[Result "0-1"]
[ECO "B43"]
[WhiteElo "1262"]
[BlackElo "1801"]
[Annotator "NA"]
[PlyCount "136"]
[EventDate "2018.10.20"]
[EventType "swiss"]
[EventCountry "GRE"]
[SourceTitle "playchess.com"]
[Source "ChessBase"]
[SourceQuality "1"]
[TimeControl "40/5400+30:1800+30"]

1. e4 c5 2. Nf3 e6 3. Nc3 a6 4. d4 cxd4 5. Nxd4 Qc7 6. Bd3 Nc6 7. Nxc6 bxc6 8. O-O Nf6 9. Qe2 d6 10. f4 e5 11. Qf3 Be7 12. Qg3 Nh5 13. Qf3 Nxf4 14. Bxf4 exf4 15. Qxf4 O-O 16. Kh1 Bf6 17. e5 Bxe5 18. Qh4 g6 19. Ne4 f5 20. Qf2 d5 21. Ng5 Bxh2 22. Qh4 Bg3 23. Qh6 Qg7 24. Qxg7+ Kxg7 25. Nf3 c5 26. b3 Bb7 27. Rab1 Rfe8 28. Rbd1 Re3 29. a3 Rc8 30. c4 Rd8 31. b4 cxb4 32. axb4 dxc4 33. Bxc4 Rde8 34. Ra1 Bd6 35. Bxa6 Bxa6 36. Rxa6 Bxb4 37. Raa1 h6 38. Kh2 Bd6+ 39. Kh1 Bg3 40. Ra7+ R8e7 41. Ra5 Kf6 42. Ra6+ R7e6 43. Raa1 Rd6 44. Ra5 f4 45. Ra4 g5 46. Raa1 h5 47. Rab1 g4 48. Ng1 Rd2 49. Rb6+ Re6 50. Rb3 Kg6 51. Ra3 h4 52. Nh3 gxh3 53. gxh3 Kf5 54. Ra5+ Re5 55. Ra8 Ke4 56. Ra4+ Rd4 57. Ra8 f3 58. Rg8 Rd2 59. Ra8 Rh2+ 60. Kg1 f2+ 61. Rxf2 Rxf2 62. Ra3 Kf5 63. Ra1 Rfe2 64. Ra8 Re1+ 65. Kg2 R1e3 66. Kf1 Rf3+ 67. Kg1 Re1+ 68. Kg2 Rf2# 0-1

[Event "WYCC 2018 G14"]
[Site "Halkidiki"]
[Date "2018.10.26"]
[Round "7"]
[White "Nurgali, Nazerke"]
[Black "Garifullina, Leya"]
[Result "0-1"]
[ECO "E09"]
[WhiteElo "2263"]
[BlackElo "2106"]
[Annotator "NA"]
[PlyCount "80"]
[EventDate "2018.10.20"]
[EventType "swiss"]
[EventCountry "GRE"]
[SourceTitle "playchess.com"]
[Source "ChessBase"]
[SourceQuality "1"]
[TimeControl "40/5400+30:1800+30"]

1. d4 Nf6 2. c4 e6 3. g3 d5 4. Nf3 Be7 5. Bg2 O-O 6. O-O Nbd7 7. Qc2 c6 8. Nbd2 b6 9. e4 dxc4 10. Nxc4 Bb7 11. Ne3 c5 12. d5 exd5 13. exd5 Nxd5 14. Nxd5 Bxd5 15. Rd1 Be6 16. Ne5 Nxe5 17. Rxd8 $11 Raxd8 18. Bd2 Nd3 19. Be4 c4 20. Be3 Bf6 21. Rb1 g6 22. h4 Rd7 23. Qe2 Rc8 24. h5 Bh8 25. a4 Nc5 26. Bc2 Nb3 27. hxg6 hxg6 28. Be4 Bg7 29. Re1 Rdd8 30. a5 Nc5 31. Bxc5 Rxc5 32. axb6 axb6 33. Qc2 Re5 34. Re2 Bf6 35. f4 Rb5 36. Qc1 Bg4 37. Re1 Rxb2 38. Bc2 c3 39. f5 Rd2 40. fxg6 Bd4+ 0-1

[Event "WYCC 2018 G14"]
[Site "Halkidiki"]
[Date "2018.10.26"]
[Round "7"]
[White "Caglar, Sila"]
[Black "Ning, Kaiyu"]
[Result "0-1"]
[ECO "C00"]
[WhiteElo "2184"]
[BlackElo "2217"]
[Annotator "NA"]
[PlyCount "108"]
[EventDate "2018.10.20"]
[EventType "swiss"]
[EventCountry "GRE"]
[SourceTitle "playchess.com"]
[Source "ChessBase"]
[SourceQuality "1"]
[TimeControl "40/5400+30:1800+30"]

1. e4 e6 2. d4 a6 3. Nf3 d5 4. e5 c5 5. c3 Nc6 6. Bd3 cxd4 7. cxd4 Nge7 8. Nc3 Nf5 9. Bxf5 exf5 10. Bg5 Be7 11. Bxe7 Nxe7 12. O-O $14 O-O 13. Qb3 Rb8 14. a4 Be6 15. a5 Nc6 16. Qb6 Qxb6 17. axb6 Rfc8 18. Rac1 Nb4 19. Na4 Nd3 20. Rcd1 Bd7 21. Nc3 Nb4 22. Nd2 Rc6 23. Nb3 Rxb6 24. Nc5 Be6 25. f4 Rc6 26. Rf2 b6 27. Nd3 Nxd3 28. Rxd3 b5 29. b4 Rbc8 30. Na2 Rc4 31. h4 g6 32. g3 Kg7 33. Rfd2 h6 34. Kf2 g5 35. Ra3 R8c6 36. hxg5 hxg5 37. Ke2 f6 38. exf6+ Kxf6 39. Kd3 Bf7 40. Rh2 gxf4 41. gxf4 Ke7 42. Re2+ Kd7 43. Rh2 Rg6 44. Rh3 Ke7 45. Ra5 Rcc6 46. Ra3 Rg4 47. Rf3 Rh4 48. Nc3 Kd6 49. Nd1 Bh5 50. Ne3 Rh2 51. Nxf5+ Kc7 52. Re3 Bg6 53. Re7+ Kb6 54. Re5 Bxf5+ 0-1

[Event "WYCC 2018 G14"]
[Site "Halkidiki"]
[Date "2018.10.26"]
[Round "7"]
[White "Song, Yuxin"]
[Black "Dhyana Patel"]
[Result "1-0"]
[ECO "B27"]
[WhiteElo "2178"]
[BlackElo "2002"]
[Annotator "NA"]
[PlyCount "135"]
[EventDate "2018.10.20"]
[EventType "swiss"]
[EventCountry "GRE"]
[SourceTitle "playchess.com"]
[Source "ChessBase"]
[SourceQuality "1"]
[TimeControl "40/5400+30:1800+30"]

1. e4 c5 2. Nf3 g6 3. c4 Nc6 4. d4 cxd4 5. Nxd4 Nf6 6. Nc3 d6 7. Be2 Nxd4 8. Qxd4 Bg7 9. Bg5 O-O 10. Qd2 Qa5 11. O-O Be6 12. Rac1 Rfc8 13. b3 a6 14. f3 b5 15. Nd5 Qxd2 16. Bxd2 Nxd5 17. exd5 Bd7 18. Be3 bxc4 19. bxc4 Rcb8 20. Rb1 Bf5 21. Rb3 Rxb3 22. axb3 Rb8 23. Bd1 a5 24. Rf2 Bc3 25. Ra2 Bb1 26. Ra4 Kg7 27. Kf2 Bd3 28. Bc1 Rb4 29. Ra3 Rb8 30. g3 Bf5 31. Ke3 Bb4 32. Ra2 Bd7 33. Bd2 Rb7 34. Bxb4 axb4 35. Ra6 Kf8 36. Kd4 Rb8 37. f4 Ke8 38. c5 dxc5+ 39. Kxc5 Rb5+ 40. Kc4 Rb8 41. Ra7 Kd8 42. Bf3 h6 43. Kc5 Rb5+ 44. Kd4 Rb8 45. Be2 g5 46. fxg5 hxg5 47. h4 gxh4 48. gxh4 Rb6 49. Ra6 Rg6 50. h5 Rg2 51. Bd3 Rg4+ 52. Kc5 Rh4 53. h6 f5 54. Ra8+ Kc7 55. h7 Bc8 56. Bxf5 Bxf5 57. h8=Q Rxh8 58. Rxh8 Bc2 59. Rh3 Kd7 60. Re3 Bf5 61. Re2 Bd3 62. Rd2 Be4 63. Rd4 Bf5 64. Rxb4 e6 65. d6 e5 66. Rb7+ Kc8 67. Re7 e4 68. b4 1-0

[Event "WYCC 2018 G14"]
[Site "Halkidiki"]
[Date "2018.10.26"]
[Round "7"]
[White "Galvan Cipriani, Viviana"]
[Black "Zaritovskaja, Margarita"]
[Result "1/2-1/2"]
[ECO "A34"]
[WhiteElo "2109"]
[BlackElo "1731"]
[Annotator "NA"]
[PlyCount "66"]
[EventDate "2018.10.20"]
[EventType "swiss"]
[EventCountry "GRE"]
[SourceTitle "playchess.com"]
[Source "ChessBase"]
[SourceQuality "1"]
[TimeControl "40/5400+30:1800+30"]

1. c4 Nf6 2. Nc3 c5 3. g3 g6 4. Bg2 Bg7 5. a3 Nc6 6. Rb1 a5 7. e3 d6 8. Nge2 Bd7 9. O-O h5 10. h3 h4 11. g4 Nxg4 12. hxg4 Bxg4 13. Qb3 Rb8 14. f3 Bd7 15. Kf2 Ne5 16. Nf4 h3 17. Bh1 e6 18. Ke2 a4 19. Qa2 b5 20. cxb5 Qb6 21. b4 Bxb5+ 22. Nxb5 Qxb5+ 23. d3 c4 24. dxc4 Nxc4 25. Nd3 Rc8 26. f4 h2 27. Bd2 d5 28. Rfc1 O-O 29. Kf2 d4 30. Nc5 dxe3+ 31. Bxe3 Nxe3 32. Kxe3 e5 33. Qxh2 exf4+ 1/2-1/2

[Event "WYCC 2018 G14"]
[Site "Halkidiki"]
[Date "2018.10.26"]
[Round "7"]
[White "Krasteva, Beloslava"]
[Black "Lehaci, Miruna-Daria"]
[Result "1/2-1/2"]
[ECO "E44"]
[WhiteElo "2089"]
[BlackElo "1933"]
[Annotator "NA"]
[PlyCount "129"]
[EventDate "2018.10.20"]
[EventType "swiss"]
[EventCountry "GRE"]
[SourceTitle "playchess.com"]
[Source "ChessBase"]
[SourceQuality "1"]
[TimeControl "40/5400+30:1800+30"]

1. d4 Nf6 2. c4 e6 3. Nc3 Bb4 4. e3 b6 5. Nge2 c5 6. a3 Ba5 7. Rb1 Na6 8. g3 Bb7 9. d5 b5 10. Bg2 bxc4 11. O-O O-O 12. e4 exd5 13. e5 Ng4 14. Bxd5 Bxd5 15. Qxd5 Nc7 16. Qe4 f5 17. Qxc4+ Kh8 18. Qxc5 Bb6 19. Qd6 Re8 20. Na4 Nxe5 21. Nxb6 Re6 22. Qd1 axb6 23. Nf4 Re8 24. Be3 Ra6 25. Bd4 d6 26. Qh5 Nb5 27. Bxe5 dxe5 28. Rfe1 Kg8 29. Qxf5 Nd4 30. Qd3 Qa8 31. Re4 Ra4 32. Rbe1 Rf8 33. h4 b5 34. Rxe5 Nf3+ 35. Kf1 Nxe1 36. Kxe1 Rd8 37. Nd5 Ra6 38. Qe4 Rad6 39. Ne7+ Kf8 40. Rf5+ Rf6 41. Rxf6+ gxf6 42. Qxa8 Rxa8 43. Nd5 Kf7 44. Nc3 Rb8 45. Kd2 f5 46. Ne2 Ke6 47. Nd4+ Kf6 48. f3 Rg8 49. Ne2 Ke5 50. Ke3 h6 51. Kd3 Rd8+ 52. Kc2 Rd7 53. Nc3 Kd4 54. Kd2 Kc4+ 55. Ke3 Rc7 56. g4 fxg4 57. fxg4 Rc5 58. Ne4 Re5 59. Kf4 Re7 60. Nd6+ Kc5 61. Nf5 Re6 62. g5 hxg5+ 63. hxg5 Kc4 64. Ne3+ Kb3 65. Nf5 1/2-1/2

[Event "WYCC 2018 G14"]
[Site "Halkidiki"]
[Date "2018.10.26"]
[Round "7"]
[White "Jyothsna L"]
[Black "Wen, Yili"]
[Result "1/2-1/2"]
[ECO "A01"]
[WhiteElo "2060"]
[BlackElo "2083"]
[Annotator "NA"]
[PlyCount "60"]
[EventDate "2018.10.20"]
[EventType "swiss"]
[EventCountry "GRE"]
[SourceTitle "playchess.com"]
[Source "ChessBase"]
[SourceQuality "1"]
[TimeControl "40/5400+30:1800+30"]

1. b3 d5 2. Bb2 Nf6 3. Nf3 Bf5 4. g3 e6 5. Bg2 h6 6. d3 Be7 7. Nbd2 Bh7 8. O-O O-O 9. Ne5 c6 10. e4 $11 {[%emt 0:03:55] LiveBook: 17 Games} Nbd7 11. Nxd7 Nxd7 12. Qe2 Re8 13. Rfd1 Qb6 14. Rac1 a5 15. a3 Rad8 16. Rb1 d4 17. f4 Qa7 18. Qf2 e5 19. Bh3 a4 20. b4 b5 21. Nf3 Bf6 22. c3 exf4 23. cxd4 fxg3 24. hxg3 Nf8 25. Rbc1 Qb6 26. Rc5 Ne6 27. Bxe6 Rxe6 28. Rdc1 Be7 29. R5c2 Bd6 30. Kg2 Bb8 1/2-1/2

[Event "WYCC 2018 G14"]
[Site "Halkidiki"]
[Date "2018.10.26"]
[Round "7"]
[White "Mironenko, Galina"]
[Black "Obada, Ema"]
[Result "1-0"]
[ECO "A15"]
[WhiteElo "2053"]
[BlackElo "1811"]
[Annotator "NA"]
[PlyCount "85"]
[EventDate "2018.10.20"]
[EventType "swiss"]
[EventCountry "GRE"]
[SourceTitle "playchess.com"]
[Source "ChessBase"]
[SourceQuality "1"]
[TimeControl "40/5400+30:1800+30"]

1. c4 Nf6 2. g3 e6 3. Bg2 c5 4. Nf3 b6 5. O-O Bb7 6. b3 Be7 7. Bb2 O-O 8. Nc3 d5 9. e3 Nbd7 10. Qe2 a6 11. a4 Qc7 12. Ne1 Rfd8 13. f4 d4 14. Nd1 dxe3 15. Nxe3 Bxg2 16. N1xg2 Nb8 17. f5 e5 18. g4 Qd6 19. g5 Nfd7 20. f6 Bxf6 21. gxf6 Nxf6 22. Nf5 Qe6 23. Qxe5 Qxe5 24. Bxe5 Nc6 25. Bxf6 gxf6 26. Nfe3 Rxd2 27. Rxf6 Nd4 28. Rxb6 Rd8 29. Rf1 Ne2+ 30. Kh1 R2d6 31. Rxd6 Rxd6 32. Nd5 Rh6 33. Re1 Nd4 34. Re3 a5 35. Ngf4 Kf8 36. Kg2 Rh4 37. Rc3 Rg4+ 38. Kf2 f5 39. h3 Rg5 40. Rd3 Kf7 41. Re3 h5 42. Re7+ Kf8 43. Rh7 1-0

[Event "WYCC 2018 G14"]
[Site "Halkidiki"]
[Date "2018.10.26"]
[Round "7"]
[White "Wikar, Martyna"]
[Black "Bardorz, Jana"]
[Result "1-0"]
[ECO "C50"]
[WhiteElo "2024"]
[BlackElo "1810"]
[Annotator "NA"]
[PlyCount "105"]
[EventDate "2018.10.20"]
[EventType "swiss"]
[EventCountry "GRE"]
[SourceTitle "playchess.com"]
[Source "ChessBase"]
[SourceQuality "1"]
[TimeControl "40/5400+30:1800+30"]

1. e4 e5 2. Nf3 Nc6 3. Bc4 Nf6 4. d3 Bc5 5. O-O d6 6. c3 a6 7. Bb3 Be6 8. Nbd2 O-O 9. h3 Ba7 10. Re1 Ne7 11. Nf1 Ng6 12. Ng3 h6 13. d4 Re8 14. Be3 c6 15. Qd2 Bxb3 16. axb3 exd4 17. Bxd4 Ne5 18. Nh4 c5 19. Bxe5 Rxe5 20. Nhf5 d5 21. exd5 Rxd5 22. Qf4 Rd7 23. Nxg7 Qf8 24. N7h5 Nxh5 25. Qg4+ Qg7 26. Qxd7 Nxg3 27. fxg3 Qxg3 28. c4 Bb8 29. Qg4+ Qxg4 30. hxg4 Bf4 31. Rad1 b5 32. Re4 Bg5 33. Rd6 bxc4 34. bxc4 Rb8 35. Rxa6 Rxb2 36. Rc6 Rb3 37. Kf2 Bh4+ 38. Ke2 Rb2+ 39. Kd3 Rxg2 40. Rxc5 Rg3+ 41. Kd4 Kg7 42. Rf5 Kg6 43. c5 Bf6+ 44. Kd5 Rc3 45. c6 Bd8 46. Rc4 Rd3+ 47. Ke4 Rg3 48. c7 Rxg4+ 49. Rf4 Rxf4+ 50. Kxf4 Bxc7+ 51. Rxc7 h5 52. Rc6+ f6 53. Rb6 1-0